[Event "1st Kallai Gabor Memorial 2022"]
[Site "Budapest"]
[Date "2022.11.28"]
[Round "2.5"]
[White "Bjerre, Jonas Buhl"]
[Black "Ruck, Robert"]
[Result "0-1"]
[ECO "B11"]
[WhiteElo "2622"]
[BlackElo "2537"]
[Annotator "TA"]
[PlyCount "92"]
[EventDate "2022.11.28"]
[EventCountry "HUN"]
[SourceTitle "playchess.com"]
[Source "ChessBase"]
[SourceQuality "1"]
[TimeControl "1500+5"]

1. e4 c6 2. Nc3 d5 3. Nf3 Bg4 4. h3 Bxf3 5. Qxf3 e6 6. g3 Nf6 7. Bg2 Nbd7 8. d4 {[%emt 0:00:24] B11: Caro-Kann: Two Knights Variation.} Nxe4 9. Nxe4 dxe4 10. Qxe4 {[%emt 0:00:04] White is slightly better.} Nf6 11. Qd3 Be7 12. O-O O-O 13. Rd1 Qb6 {[%emt 0:00:08] [#]} 14. Rb1 $146 ({Predecessor:} 14. a4 a5 15. c3 Rfd8 16. Qe2 Rd7 17. h4 Rad8 18. Bf3 c5 19. Be3 Nd5 20. dxc5 Bxc5 21. Bxc5 Qxc5 {1-0 (56) Damljanovic,B (2504)-Gagunashvili,M (2575) Vrnjacka Banja 2021}) 14... Rfd8 15. c3 Rd7 16. b4 Rad8 17. Qc2 h6 18. Re1 a5 19. a3 Ra8 20. Qb3 axb4 21. axb4 Bf8 22. Bd2 Rdd8 23. Ra1 Be7 24. Ra2 Bf8 25. Rea1 Rab8 26. Qa4 Qc7 27. Qa5 Qd7 28. Be1 Bd6 29. Qa4 Bc7 30. Qc2 Qd6 31. Bd2 Qd7 32. Qd1 Bb6 33. Qf3 {[%cal Od2h6] next Bxh6! is good for White.} Qe7 34. Rb1 Rd7 35. h4 Qd8 36. Bf4 Bc7 37. b5 Bxf4 38. Qxf4 Nd5 39. Qd2 Rc8 40. Ra3 Qe7 41. Rab3 c5 42. dxc5 ({Of course not} 42. c4 Nb6 43. Rd3 Rcd8 $17) 42... Qxc5 43. Kh2 (43. Rd1 $11) 43... Nb6 $17 {[%emt 0:00:16] Black is more active.} (43... Nxc3 $2 44. Qxd7 Nxb1 45. Rxb1 $18) 44. Qf4 Rcd8 45. Qb4 $2 (45. Re1 $15) 45... Qxf2 $19 {[%emt 0:00:06] [#] ...Rd2 is the strong threat.} 46. Rf1 Qe2 {Weighted Error Value: White=0.15 (very precise) /Black=0.05 (flawless)} 0-1

[Event "1st Kallai Gabor Memorial 2022"]
[Site "Budapest"]
[Date "2022.11.28"]
[Round "3.1"]
[White "Ruck, Robert"]
[Black "Motylev, Alexander"]
[Result "1/2-1/2"]
[ECO "D43"]
[WhiteElo "2537"]
[BlackElo "2628"]
[Annotator "TA"]
[PlyCount "100"]
[EventDate "2022.11.28"]
[EventCountry "HUN"]
[SourceTitle "playchess.com"]
[Source "ChessBase"]
[SourceQuality "1"]
[TimeControl "1500+5"]

1. Nf3 d5 2. d4 Nf6 3. c4 e6 4. Nc3 c6 5. Bg5 Be7 6. e3 O-O 7. Bd3 Nbd7 8. O-O h6 9. Bh4 dxc4 10. Bxc4 b5 11. Bd3 Bb7 12. Rc1 Rc8 13. Qe2 $1 {[%emt 0:00:37] The main line 13.Qe2 scores better than 13.a3. D66: Queen's Gambit Declined: Classical: Main Line (7 Rc1 c6 8 Bd3).} a6 14. a4 b4 15. Bxf6 {[%emt 0:02:33] White is slightly better.} (15. Bxa6 $2 Bxa6 16. Qxa6 bxc3 17. Rxc3 c5 $19) 15... Nxf6 16. Ne4 (16. Bxa6 $2 Bxa6 17. Qxa6 bxc3 18. Rxc3 c5 $19) 16... a5 {[%emt 0:01:43][%cal Oc6c5] [#]} 17. Nfd2 $146 (17. Nc5 $14 Bxc5 18. dxc5 (18. Rxc5 Nd7 $11)) ({Predecessor:} 17. Rfd1 Nd7 18. Bb1 Re8 19. Qc2 Nf8 20. Ne5 Ba8 21. Qe2 g6 22. Ba2 f5 23. Nc5 {1-0 (29) Amura,C (2363)-Sanchez Perona,A (2110) Valencia 2004}) 17... c5 $11 18. dxc5 Qd7 (18... Rc7 $11 {remains equal.}) 19. Bb5 Qd5 (19... Bc6 $16) 20. Nxf6+ $1 $18 Bxf6 21. e4 $36 {[%emt 0:00:05][%mdl 2048] Keeping Black busy.} Qd4 22. c6 Ba8 (22... Qxb2 $2 23. Rb1 (23. cxb7 $2 {too greedy.} Rxc1 24. Qd3 Rxf1+ 25. Kxf1 Rb8 $19) 23... Qa2 24. cxb7 $18) 23. Rc2 Rfd8 $2 (23... Be7 24. Rfc1 Rc7) 24. Nf3 (24. c7 $142) 24... Qb6 25. Rfc1 {[%emt 0:00:04] c7 is the strong threat.} Qc7 (25... Bxb2 $16 26. Rxb2 Bxc6 27. Bxc6 Rxc6) 26. h4 h5 (26... g6 {keeps fighting.} 27. Qe3 Bg7) 27. e5 Be7 28. Qe4 g6 29. Qe3 Rd5 30. Bd3 Bf8 31. Be4 Rxe5 32. Nxe5 Qxe5 33. g3 Bh6 34. f4 $2 (34. Qxh6 $18 Qxe4 35. Qe3 Qxe3 36. fxe3) 34... f5 $11 35. Rc5 (35. Rc4 $5 fxe4 36. b3 $17) 35... Qxe4 36. Qxe4 fxe4 37. c7 $2 (37. Rxa5 $15 Kf7 38. Ra7+ Kf6 39. a5) 37... Kf7 $19 {[%emt 0:01:47] White must now prevent ...Bd5.} ({Don't play} 37... Bg7 38. Rb5 Kf8 39. Rb8 $18) 38. Rxa5 Bd5 39. Rb5 {[%emt 0:00:05][%cal Ob5b8] Threatens to win with Rb8!} Ke7 {[%emt 0:00:04] Strongly threatening ...b3.} 40. Rxb4 Kd7 41. a5 (41. Rb8 {was called for.}) 41... Rxc7 42. Rxc7+ (42. Rd1 e3 43. Re4) 42... Kxc7 43. a6 Bf8 44. Rb5 Bg7 $2 (44... Kc6 $1 $19 45. Ra5 Kb6) 45. Rb4 $11 Bf8 $2 (45... e5 $11) 46. Rb5 $1 $19 Bg7 $2 (46... Kc6 $1 $19 47. Ra5 Bc5+ 48. Kf1 Bc4+ 49. Kg2 Ba7) 47. Rb4 $11 Bf8 $2 (47... e5 $11) 48. Rb5 $1 $19 {[%emt 0:00:07] [#]} Bg7 $2 ({Black should try} 48... Kc6 $1 $19 49. Ra5 Bc5+ 50. Kf1 Bc4+ 51. Kg2 Ba7) 49. Rb4 $11 Bf8 $2 (49... e5 $11) 50. Rb5 $1 $19 {[%emt 0:00:02] [#]} Bg7 $2 {[%emt 0:00:04] Weighted Error Value: White=0.47/Black=0.80} (50... Kc6 $1 $19 51. Ra5 Kb6) 1/2-1/2

[Event "1st Kallai Gabor Memorial 2022"]
[Site "Budapest"]
[Date "2022.11.28"]
[Round "3.2"]
[White "Berkes, Ferenc"]
[Black "Bjerre, Jonas Buhl"]
[Result "0-1"]
[ECO "A46"]
[WhiteElo "2643"]
[BlackElo "2622"]
[Annotator "TA"]
[PlyCount "62"]
[EventDate "2022.11.28"]
[EventCountry "HUN"]
[SourceTitle "playchess.com"]
[Source "ChessBase"]
[SourceQuality "1"]
[TimeControl "1500+5"]

1. d4 Nf6 2. Nf3 d5 3. c3 e6 4. Bg5 Nbd7 5. Nbd2 h6 6. Bh4 Be7 7. e3 c5 8. Bd3 b6 9. Ne5 Bb7 {[%emt 0:02:37] Prevents Nc6. D03: 1 d4 d5 2 Nf3 Nf6 3 Bg5, including Torre Attack with early ...d5.} (9... Nxe5 {simplifies} 10. dxe5 Nd7 11. Bxe7 Qxe7 12. f4 c4) 10. f4 O-O 11. Qf3 Nxe5 {[%emt 0:00:09] The position is equal.} 12. fxe5 (12. dxe5 {simplifies} Ne4 13. Bxe7 Nxd2 14. Bxd8 Nxf3+ 15. gxf3 Raxd8 16. Ke2) 12... Ne4 13. Bxe7 Qxe7 {[%emt 0:00:08] [#]} 14. O-O-O $146 (14. Nxe4 $2 dxe4 15. Bxe4 Qh4+ 16. g3 Bxe4 $19) ({Predecessor:} 14. Bxe4 dxe4 15. Qg3 f5 16. exf6 Rxf6 17. O-O-O cxd4 18. exd4 e5 19. dxe5 Rf5 20. Nc4 {1-0 (60) Mikhalevski,V (2557)-Khachiyan,M (2525) Saint Louis 2018}) 14... f5 (14... Nxc3 {is more complex.} 15. bxc3 c4 16. Bb1 Qa3+) 15. Rdf1 ({White should play} 15. Qe2 $15) 15... cxd4 ({Black should try} 15... Rac8 $19 {Threatens to win with ...cxd4.} 16. Kc2 cxd4 17. exd4 Qb4 18. Bxe4 dxe4) 16. exd4 $17 Rac8 17. Kd1 Qg5 (17... Qe8 $17 {White must now prevent ...Qa4+.} 18. Ke1 Qa4) 18. Qe2 $1 $15 b5 19. Bxb5 Rc7 (19... Rxc3 $5 20. h4 $8 Qe3 21. Qxe3 Rxe3 $11) 20. Rf3 (20. g4 $11) 20... Rb8 $1 {[%emt 0:03:30][%mdl 1024] Black has compensation. Black has more active pieces.} 21. Nb3 (21. Rhf1 $15) 21... Ba8 22. Rhf1 a5 $1 23. a4 (23. Nxa5 $2 Rxb5 $1 24. h4 Qd2+ 25. Qxd2 Nxd2 26. Kxd2 Rxa5 $19) 23... Bc6 24. Bxc6 (24. Nxa5 $2 Rxb5 $1 25. Nxc6 (25. axb5 $2 {loses.} Bxb5 26. c4 Bxc4 $19) 25... Rbb7 $19) (24. Nd2 $17) 24... Rxc6 $19 25. Nxa5 {[%emt 0:00:08] [#]} Rcb6 26. b4 {[%emt 0:01:18] [#] And now Nb3 would win.} Nxc3+ $1 {[%emt 0:02:14][%mdl 576] Remove Defender} 27. Rxc3 {[%emt 0:00:01] Hoping for b5.} Rxb4 {[%emt 0:00:01] ( -> ...Rb1+)} 28. Ke1 $2 (28. Nc6 {is a self mate.} Rb1+ 29. Kc2 R8b2+ 30. Kd3 Rxe2) (28. h4 Qxh4 29. Nc6 Rb1+ 30. Rc1 Rxc1+ 31. Kxc1) 28... Qh4+ 29. Qf2 Qe4+ {[%emt 0:00:51] Black mates.} 30. Qe3 Rb1+ ({Worse is} 30... Qxg2 31. Nb3 $11) 31. Kf2 R8b2+ {[%emt 0:00:09][%mdl 64] Skewer.   Weighted Error Value: White=0.63/Black=0.12 (very precise)} 0-1

[Event "1st Kallai Gabor Memorial 2022"]
[Site "Budapest"]
[Date "2022.11.28"]
[Round "3.3"]
[White "Borhy, Marcell"]
[Black "Kozak, Adam"]
[Result "1/2-1/2"]
[ECO "A13"]
[WhiteElo "2407"]
[BlackElo "2538"]
[Annotator "TA"]
[PlyCount "72"]
[EventDate "2022.11.28"]
[EventCountry "HUN"]
[SourceTitle "playchess.com"]
[Source "ChessBase"]
[SourceQuality "1"]
[TimeControl "1500+5"]

1. c4 Nf6 2. Nf3 e6 3. g3 d5 4. Bg2 dxc4 5. Qa4+ Bd7 6. Qxc4 {[%emt 0:00:02] A13: English Opening: 1...e6.} c5 7. Ne5 Qc8 8. Qd3 $1 {[%emt 0:00:02] 8.Qd3 is better than 8.0-0.} Nc6 9. Nxd7 Nxd7 10. Nc3 Be7 11. b3 O-O 12. Bb2 Rd8 13. Rc1 Nf6 14. Qb1 Qd7 15. d3 Nd4 16. O-O Nd5 {[%emt 0:00:35] [#] And now ...Nxc3 would win.} 17. Rfe1 Rac8 18. e3 {[%emt 0:05:29] Strongly threatening Nxd5.} Nxc3 19. Bxc3 {[%emt 0:00:03] [#] This pair of bishops is nice.} Nb5 $146 ({Predecessor:} 19... Nf5 20. Red1 b6 21. Qb2 Bf8 22. Qe2 Qe7 23. Rc2 g6 24. Rdc1 Qd7 25. Bf1 Bg7 {½-½ (45) Cheparinov,I (2711)-Grandelius,N (2678) Germany 2019}) 20. Bb2 Bf6 21. Bxf6 gxf6 22. Red1 Qe7 23. a4 Nd6 24. d4 cxd4 25. Rxd4 Rxc1+ 26. Qxc1 b6 27. Qd2 {[%emt 0:00:35] White is more active.} f5 28. h4 f6 29. e4 fxe4 ({But not} 29... e5 30. Rd5 $16) 30. Bxe4 Nf7 31. Rxd8+ Qxd8 {[%emt 0:00:23] The position is equal.} 32. Qxd8+ Nxd8 $11 {[%emt 0:00:01] KB-KN} 33. Kf1 f5 34. Bd3 Nb7 35. Ke2 Nc5 36. Bc2 Kf7 {[%emt 0:00:15] Weighted Error Value: White=0.04 (flawless) /Black=0.04 (flawless)} 1/2-1/2

[Event "1st Kallai Gabor Memorial 2022"]
[Site "Budapest"]
[Date "2022.11.28"]
[Round "3.4"]
[White "Horvath, Csaba"]
[Black "Beliavsky, Alexander G"]
[Result "1/2-1/2"]
[ECO "A46"]
[WhiteElo "2502"]
[BlackElo "2487"]
[Annotator "TA"]
[PlyCount "77"]
[EventDate "2022.11.28"]
[EventCountry "HUN"]
[SourceTitle "playchess.com"]
[Source "ChessBase"]
[SourceQuality "1"]
[TimeControl "1500+5"]

1. d4 {[%emt 0:00:08] Fernandez,D} Nf6 2. Nf3 d5 3. c4 e6 4. g3 Bb4+ 5. Bd2 Be7 6. Bg2 O-O 7. O-O c6 8. Qc2 b6 9. Bf4 Nbd7 10. cxd5 {[%emt 0:00:18] 10.Nbd2 is becoming the main line.} cxd5 11. Rc1 {[%emt 0:00:44] E08: Closed Catalan: Main Line: 7 Qc2.} Bb7 12. Qb3 Rc8 13. Rxc8 Qxc8 14. Nc3 Nh5 {[%emt 0:00:49] is the legacy move (14...a6).} 15. Bg5 {[%emt 0:00:14] [#]} Qd8 $146 ({Predecessor:} 15... Bxg5 16. Nxg5 Qb8 17. e3 Nhf6 18. Bf1 h6 19. Nf3 Ne4 20. a4 Rc8 21. a5 bxa5 22. Rxa5 {½-½ (36) Karjakin,S (2753)-Wei,Y (2743) Wijk aan Zee 2018 CBM 183 [Fernandez,D]}) 16. Bxe7 Qxe7 17. a4 a5 {[%emt 0:00:49] The position is equal.} 18. Qa3 Qxa3 19. Rxa3 Nhf6 20. e3 Ba6 21. Bf1 Bxf1 22. Kxf1 Rc8 23. Ke2 Kf8 24. Kd3 Ke7 25. h3 Ne4 26. Ke2 Nd6 27. Nd2 Nb8 28. Rb3 Rc6 29. e4 dxe4 30. d5 exd5 {[%emt 0:00:11] aiming for ...Ke6.} 31. Rxb6 {[%emt 0:01:22][%mdl 64] [#] Decoy} Rxb6 32. Nxd5+ Ke6 33. Nxb6 $11 {[%emt 0:00:02][%mdl 4096] Endgame KNN-KNN} Nc6 34. Ke3 f5 35. f3 exf3 36. Nxf3 Kf6 37. Nd5+ Ke6 38. Nb6 Kf6 39. Nd5+ {[%emt 0:00:08] Weighted Error Value: White=0.02 (flawless) /Black=0.03 (flawless)} 1/2-1/2

[Event "1st Kallai Gabor Memorial 2022"]
[Site "Budapest"]
[Date "2022.11.28"]
[Round "3.5"]
[White "Troff, Kayden"]
[Black "Gaal, Zsoka"]
[Result "1/2-1/2"]
[ECO "B11"]
[WhiteElo "2483"]
[BlackElo "2286"]
[Annotator "TA"]
[PlyCount "47"]
[EventDate "2022.11.28"]
[EventCountry "HUN"]
[SourceTitle "playchess.com"]
[Source "ChessBase"]
[SourceQuality "1"]
[TimeControl "1500+5"]

1. e4 c6 2. Nf3 d5 3. Nc3 Bg4 4. h3 Bxf3 5. Qxf3 e6 6. d3 Nd7 7. Be2 Bd6 {[%emt 0:00:29] The modern move. B11: Caro-Kann: Two Knights Variation.} 8. d4 Ne7 9. O-O O-O {[%emt 0:01:00] The position is equal.} 10. Bd3 {[%emt 0:00:44] [#]} e5 $146 ({Predecessor:} 10... Qb6 11. exd5 cxd5 12. Ne2 e5 13. dxe5 Nxe5 14. Qg3 Nc4 15. Qh4 Ng6 16. Qh5 Be5 {0-1 (43) Georgiadis,N (2577)-Dragnev,V (2551) Austria 2022}) 11. exd5 exd4 {[%emt 0:03:19] [#]} 12. Qe4 $1 Nf6 13. Qxd4 Nexd5 14. Nxd5 (14. Bg5 {simplifies} h6 15. Nxd5 hxg5 16. Nxf6+ Qxf6 17. Qxf6 gxf6 18. Rad1) 14... Nxd5 15. Rd1 Re8 16. c4 Nb4 {[%emt 0:02:02][%cal Oe8e1] White must now prevent ...Re1+!} 17. Be3 Nxd3 18. Rxd3 (18. Qxd3 {simplifies} Be5 19. Qd7 Qxd7 20. Rxd7 b6 21. Rb1) 18... Be5 19. Qd7 (19. Qxd8 {simplifies} Raxd8 20. Rad1 Rxd3 21. Rxd3 Bxb2 22. Rb3) 19... Qf6 {[%emt 0:00:54] Strongly threatening ...Rad8.} 20. Rad1 Bxb2 ({Better is} 20... h5 $11 21. Qxb7 Reb8) 21. Qxb7 Be5 {[%emt 0:00:04] [#] Inhibits Rd6.} (21... Rab8 $14 22. Qxa7 Be5) 22. f4 $1 $16 {[%emt 0:01:46] White has more active pieces.} ({Don't play} 22. Bxa7 h6) 22... Rab8 $2 (22... Bxf4 $2 23. Bxf4 h6 24. Bc7 $18) (22... Bb2 $16 {is a better chance.}) 23. fxe5 $18 {[%emt 0:00:06] Threatens to win with Qxb8.} ({Weaker is} 23. Qxa7 Bxf4 24. Bxf4 Qxf4 $11) 23... Qxe5 24. Qxc6 {[%emt 0:00:05][%mdl 32768] Weighted Error Value: White=0.04 (flawless) /Black=0.45. An unexpected result.} 1/2-1/2

[Event "1st Kallai Gabor Memorial 2022"]
[Site "Budapest"]
[Date "2022.11.29"]
[Round "4.1"]
[White "Motylev, Alexander"]
[Black "Gaal, Zsoka"]
[Result "1-0"]
[ECO "B12"]
[WhiteElo "2628"]
[BlackElo "2286"]
[Annotator "TA"]
[PlyCount "47"]
[EventDate "2022.11.28"]
[EventCountry "HUN"]
[SourceTitle "playchess.com"]
[Source "ChessBase"]
[SourceQuality "1"]
[TimeControl "1500+5"]

1. e4 c6 2. d4 d5 3. e5 Bf5 4. Nf3 e6 5. Be2 Ne7 6. c3 {[%emt 0:00:03] B12: Caro-Kann: Advance Variation.} c5 7. dxc5 Nec6 8. b4 {[%emt 0:00:40][%cal Bb2b4,Bb4b5][%mdl 32] White is slightly better.} Nd7 9. Nd4 Be4 10. O-O {[%emt 0:00:28] [#]} Ndxe5 $146 ({Predecessor:} 10... Ncxe5 11. Nd2 Be7 12. Nxe4 dxe4 13. Qc2 Nf6 14. Bb5+ Kf8 15. Bg5 Neg4 16. h3 h6 {1-0 (29) Ni,H (2670)-Gurevich,D (2483) Chess.com INT 2018}) 11. f3 Bg6 12. Qa4 (12. f4 $14 Nxd4 13. cxd4) 12... Qd7 13. b5 Nxd4 14. cxd4 Nc4 {[%emt 0:02:20] [#]} (14... Nd3 $16 {keeps fighting.}) 15. Bf4 $1 $18 Rc8 16. Bxc4 ({Resist} 16. Qxa7 $6 Be7 $14) 16... dxc4 17. Qxc4 Bxc5 $2 {[%emt 0:02:06][%mdl 8192] Black cannot hold the game after this.} (17... f6 $16 {is tougher.}) 18. dxc5 Bd3 19. Qc3 Bxf1 20. Qxg7 Qd1 21. Nd2 {[%emt 0:00:51][%mdl 64] [#] Discovered Attack} Qe2 22. Qxh8+ {[%emt 0:00:42] White mates.} Ke7 23. Bg5+ (23. Qxc8 $2 Qxg2#) 23... Kd7 24. Qd4+ {[%emt 0:00:03] Weighted Error Value: White=0.11 (very precise) /Black=0.82} (24. Qxh7 $2 Qxg2#) 1-0

[Event "1st Kallai Gabor Memorial 2022"]
[Site "Budapest"]
[Date "2022.11.29"]
[Round "4.2"]
[White "Beliavsky, Alexander G"]
[Black "Troff, Kayden"]
[Result "1/2-1/2"]
[ECO "A05"]
[WhiteElo "2487"]
[BlackElo "2483"]
[Annotator "TA"]
[PlyCount "129"]
[EventDate "2022.11.28"]
[EventCountry "HUN"]
[SourceTitle "playchess.com"]
[Source "ChessBase"]
[SourceQuality "1"]
[TimeControl "1500+5"]

1. Nf3 Nf6 2. c4 g6 3. Nc3 d5 4. cxd5 Nxd5 5. g3 Bg7 6. Bg2 O-O 7. O-O c6 8. d4 Nd7 9. e4 Nxc3 10. bxc3 Qa5 11. Bd2 {[%emt 0:01:06] D74: Fianchetto Grünfeld: Main Line (5 Nf3 0-0 6 cxd5 Nxd5 7 0-0).} Nb6 12. c4 Qa6 13. c5 {[%emt 0:00:17] [#] The position is equal.} Na4 $146 ({Predecessor:} 13... Nc4 14. Bc3 Na3 15. Re1 Be6 16. Bb4 Rfe8 17. Re3 Nc4 18. Rd3 Nb2 {0-1 (43) Toth,L (1998)-Toviskes,A (2019) Hungary 2015}) 14. Re1 {[%emt 0:03:58] aiming for Bf1.} b5 15. Bg5 Qb7 16. Qc2 Bg4 17. Ne5 (17. Rad1 $14) 17... Be6 $11 18. Be3 Bxe5 19. dxe5 Rad8 20. f4 Bc4 21. f5 Qc7 22. e6 $1 fxe6 23. fxg6 hxg6 (23... Qe5 {looks sharper.} 24. Bh6 Qd4+ 25. Be3 Qc3) 24. e5 $1 Bd3 (24... Qxe5 25. Qxg6+ Qg7 26. Qxg7+ Kxg7 27. Bxc6 $14) 25. Qb3 Bf5 26. Bf2 (26. Rad1 $11) 26... Rd2 (26... Rd3 $1 $17 27. Qb4 g5) 27. Qb4 (27. Qe3 $1 $15 Rb2 28. a3) 27... Qd8 (27... Rc2 $19 {Strongly threatening ...Nb2.} 28. Rac1 Rxa2) 28. Be3 $1 $15 {[%emt 0:00:12] [#]} Rxg2+ 29. Kxg2 Qd5+ 30. Kg1 Bh3 31. Qd2 {[%emt 0:00:37] [#] Against Qg2+} Qxd2 (31... Nc3 $1 $15) 32. Bxd2 $11 Nxc5 33. Re3 {[%emt 0:01:00] Inhibits Nd3.} Na4 34. Re2 c5 35. Rf2 Rd8 36. Bg5 Rd7 37. Rd2 Rc7 (37... Rd5 $11) 38. Rad1 {[%emt 0:00:10] White is more active.} c4 $2 {[%emt 0:00:08][%mdl 8192] [#]} (38... Nb6 $16) 39. Rd7 $2 (39. Rd8+ $1 {mates} Kg7 40. Re8 Rc8 41. Rxc8 Nb6 42. Rc7 Nd5 43. Rxa7 c3 44. Rd4) 39... Rxd7 $18 40. Rxd7 {[%emt 0:00:02][%mdl 4096] Endgame KRB-KBN} c3 41. Rxa7 Nc5 42. Rc7 ({But not} 42. Rxe7 Nd3 43. Bh6 Bf5 44. Rg7+ Kh8 $18) ({Don't play} 42. Bxe7 c2 43. Bg5 (43. Bxc5 c1=Q+ 44. Kf2 Qd2+ 45. Kf3 g5 46. Ra8+ Kh7 47. Ra7+ Kg6) 43... b4 $18) 42... Ne4 43. Bxe7 Bg4 44. Bb4 Be2 45. Bxc3 Bc4 46. Bd4 Bxa2 47. g4 Bd5 48. h4 {[%emt 0:00:02] Against Ng5} b4 (48... Nd2 {might work better.}) 49. Kh2 b3 50. Kh3 Nd2 51. Rc8+ Kf7 52. Rb8 Bc4 53. h5 {[%emt 0:00:12] And now h6 would win.} gxh5 (53... g5 54. Be3 Nf3) 54. gxh5 Be2 (54... Kg7 $142 55. Rb7+ Kg8) 55. Rb7+ Kg8 56. h6 {[%emt 0:00:03] Be3 is the strong threat.} Bf3 57. Rb6 $2 (57. Rg7+ Kh8 58. Re7) 57... Be4 $2 (57... Bd5 58. Rb8+ Kh7) 58. Kg4 (58. Rxe6 $2 {too greedy.} Bf5+ 59. Kh4 Bxe6 $19) 58... Kf7 59. Kf4 {Black must now prevent Bc3.} Bf5 60. Be3 Nc4 61. Rxb3 Kg6 62. Kf3 $2 ({Only move:} 62. Rc3 $18 Nxe3 63. Kxe3) 62... Nxe5+ $14 {[%emt 0:00:03] White is slightly better.} 63. Kg3 Ng4 64. Bc1 Nxh6 65. Bxh6 {Weighted Error Value: White=0.48/Black=0.57} 1/2-1/2

[Event "1st Kallai Gabor Memorial 2022"]
[Site "Budapest"]
[Date "2022.11.29"]
[Round "4.3"]
[White "Kozak, Adam"]
[Black "Horvath, Csaba"]
[Result "1-0"]
[ECO "A28"]
[WhiteElo "2538"]
[BlackElo "2502"]
[Annotator "TA"]
[PlyCount "85"]
[EventDate "2022.11.28"]
[EventCountry "HUN"]
[SourceTitle "playchess.com"]
[Source "ChessBase"]
[SourceQuality "1"]
[TimeControl "1500+5"]

1. c4 e5 2. Nc3 Nf6 3. Nf3 Nc6 4. e4 Bb4 5. d3 d6 6. a3 {[%emt 0:00:15] A28: English Opening: Four Knights Variation.} Bc5 7. b4 Bb6 8. Be3 {[%emt 0:00:02] The position is equal.} Bg4 {[%emt 0:01:03] outshines the older 8...0-0.} 9. Be2 Bxf3 10. Bxf3 Nd4 11. O-O (11. Na4 {simplifies} Nxf3+ 12. Qxf3 Bxe3 13. Qxe3 O-O 14. O-O) 11... O-O 12. Na4 Nxf3+ 13. Qxf3 Bxe3 14. Qxe3 Ng4 {[%emt 0:05:48] [#]} 15. Qg3 $146 ({Predecessor:} 15. Qd2 f5 16. exf5 Rxf5 17. f3 Nh6 18. Nc3 Qh4 19. Rae1 Raf8 20. Re4 Qh5 21. Qf2 {1-0 (71) Vakhidov,J (2589)-Iniyan,P (2556) Tashkent 2022}) 15... f5 16. Nc3 Qd7 17. Rad1 Nf6 18. Qh3 g6 19. exf5 Qxf5 20. Qxf5 gxf5 21. f4 {[%emt 0:00:11] aiming for fxe5.} exf4 22. Rxf4 {[%emt 0:00:07] White stays focused until the end.} Nh5 23. Rf3 c6 24. d4 Ng7 25. d5 {[%emt 0:00:35] Black must now prevent dxc6.} Rac8 26. dxc6 Rxc6 27. Nb5 Rxc4 28. Nxa7 {[%emt 0:00:49] White is more active.} Re8 29. Nb5 (29. Rxd6 $6 Rc1+ 30. Rf1 Rc2 $14) 29... Rc2 {[%emt 0:00:25] [#]} (29... Re2 $16) 30. Rf2 $1 $18 ({Don't do} 30. Nxd6 $6 Ree2 $14) ({Stronger than} 30. Rxd6 Re1+ 31. Rf1 Ree2 $11) 30... Rc6 31. Nxd6 Rd8 32. Rfd2 b6 33. Rd3 Rc2 34. h3 Ra2 (34... f4 $16 35. Ne4 Rxd3 36. Rxd3 Ra2) 35. Nc4 Re8 (35... Rxd3 $142 36. Rxd3 b5) 36. Nxb6 Ree2 {[%emt 0:00:13] [#]} 37. Rg3 ({Worse is} 37. Rd8+ Kf7 $11) 37... f4 $2 (37... Kf8 38. Rf1 Re4) 38. Rd8+ {[%emt 0:00:37] White is clearly winning.} Kf7 39. Rd7+ Kf6 40. Rgxg7 Ra1+ 41. Kh2 Ree1 42. Rdf7+ (42. Rxh7 $2 Rh1#) 42... Ke6 43. Re7+ {[%emt 0:00:02] Weighted Error Value: White=0.05 (flawless) /Black=0.18 (very precise)} (43. Rxh7 $2 Rh1#) 1-0

[Event "1st Kallai Gabor Memorial 2022"]
[Site "Budapest"]
[Date "2022.11.29"]
[Round "4.4"]
[White "Bjerre, Jonas Buhl"]
[Black "Borhy, Marcell"]
[Result "1-0"]
[ECO "A06"]
[WhiteElo "2622"]
[BlackElo "2407"]
[Annotator "TA"]
[PlyCount "71"]
[EventDate "2022.11.28"]
[EventCountry "HUN"]
[SourceTitle "playchess.com"]
[Source "ChessBase"]
[SourceQuality "1"]
[TimeControl "1500+5"]

1. Nf3 d5 2. g3 Nf6 3. Bg2 e6 4. O-O Be7 5. c4 O-O 6. d4 dxc4 7. Qc2 a6 8. a4 Bd7 9. Qxc4 Bc6 10. Bf4 Nbd7 11. Nc3 {[%emt 0:00:28] 11.Qc1 is more fashionable.} Bd6 {[%emt 0:00:27] E05: Open Catalan: 5 Nf3 Be7.} 12. Bd2 Ne4 13. Nxe4 Bxe4 {[%emt 0:00:02] The position is equal.} 14. Rfd1 {[%emt 0:00:04] [#]} Qb8 $146 ({Predecessor:} 14... Nb6 15. Qb3 a5 16. Ne1 Bd5 17. Qc2 Bxg2 18. Kxg2 Qe7 19. Nd3 Rfd8 20. e4 c6 {1-0 (61) Bjerre,J (2559)-Ramsdal,J (2283) Aarhus 2020}) 15. Ng5 Bxg2 (15... b5 {looks sharper.} 16. axb5 axb5 17. Qc3 Bxg2 18. Kxg2 Nf6) 16. Kxg2 Nf6 17. Qc2 $1 h6 {[%emt 0:01:08] Inhibits e4.} 18. Nf3 Nd5 19. e4 {[%emt 0:01:27] Against f5} Nb4 20. Bxb4 (20. Qc4 $5 b5 21. axb5 Qxb5 22. Qxb5 axb5 23. Bxb4 Bxb4 24. Ne5 $16) 20... Bxb4 21. Ne5 {[%emt 0:00:02] [#] Threatens to win with Nd7.} Rd8 {[%emt 0:00:21][%cal Oc7c5] Prevents Nd7.} 22. Qc4 a5 23. d5 c6 $1 24. Nf3 cxd5 25. exd5 Qc8 26. Qxc8 Raxc8 27. dxe6 fxe6 28. Rxd8+ Rxd8 $11 {[%emt 0:00:03][%mdl 4096] Endgame KRB-KRN} 29. Rc1 Rd6 30. Rc8+ Kh7 31. h4 h5 ({Better is} 31... b6 $14) 32. Ng5+ Kg6 33. Re8 {[%emt 0:00:06] White is more active.} Bd2 $2 (33... Rd2 $14) 34. Ne4 $18 (34. Nxe6 Rb6 $16) (34. Rxe6+ Rxe6 35. Nxe6 Kf6 $16) 34... Rd4 {[%emt 0:01:51] [#]} (34... Rd5 {was worth a try.} 35. Nxd2 (35. Rxe6+ Kf5 $16) 35... Kf7) 35. Nxd2 $1 ({Weaker is} 35. Rxe6+ Kf5 36. Nc5 Bb4 $11) 35... Rxd2 36. Rxe6+ {[%emt 0:00:01] Weighted Error Value: White=0.06 (flawless) /Black=0.31} 1-0